 Dungeon Crawl Stone Soup version 0.32-a0-306-gfed3edf829 (webtiles) character file.

Game seed: 7442110339613428117

316 zenocrate the Covert (level 6, 0/42 HPs)
             Began as an Octopode Delver on Feb 14, 2024.
             Was an Initiate of Gozag.
             Slain by a kobold brigand
             ... wielding a +0 dagger
              (6 damage)
             ... on level 3 of the Dungeon.
             The game lasted 00:03:37 (2189 turns).

zenocrate the Covert (Octopode Delver)              Turns: 2189, Time: 00:03:37

Health: 0/42       AC:  1    Str: 12    XL:     6   Next: 44%
Magic:  6/6        EV: 14    Int: 18    God:    Gozag
Gold:   192        SH:  0    Dex: 15    Spells: 5/5 levels left

rFire   . . .        a - +0 short sword
rCold   . . .        (no shield)
rNeg    + . .        (helmet restricted)
rPois   +            s - amulet of the acrobat
rElec   .            k - +6 ring of intelligence
rCorr   +            n - ring of positive energy
SInv    +            o - ring of see invisible
Will    .....        r - ring of resist corrosion
Stlth   +++++        t - ring of poison resistance
HPRegen 0.27/turn    (no ring)
MPRegen 0.10/turn    (no ring)
                     (no ring)

%: acrobat
@: gold aura, invisible (expiring)
A: almost no armour, amphibious, 8 rings, camouflage 1, gelatinous body 1,
(nimble swimmer 1), tentacles
a: Renounce Religion, Potion Petition, Call Merchant, Bribe Branch


You were on level 3 of the Dungeon.
You worshipped Gozag.
Gozag was aware of your devotion.
You visited 1 branch of the dungeon, and saw 5 of its levels.

You collected 294 gold pieces.
You paid 102 gold pieces to Gozag.

Inventory:

Hand Weapons
 a - a +0 short sword (weapon)
Missiles
 h - 2 boomerangs (quivered)
 j - 4 curare-tipped darts
Jewellery
 k - a +6 ring of intelligence (left tentacle)
 n - a ring of positive energy (right tentacle)
 o - a ring of see invisible (on tentacle)
 r - a ring of resist corrosion (on tentacle)
 s - an amulet of the acrobat (around mantle)
 t - a ring of poison resistance (on tentacle)
Wands
 f - a wand of digging (3)
Scrolls
 b - a scroll of fog
 c - a scroll of revelation
 d - a scroll of fear
 g - 3 scrolls of vulnerability {unknown}
 m - 2 scrolls of blinking {unknown}
 q - a scroll of teleportation {unknown}
 u - a scroll of enchant weapon {unknown}
Potions
 e - a potion of haste
 i - a potion of mutation
 l - a potion of brilliance
 p - 4 potions of cancellation
 w - a potion of ambrosia {unknown}


   Skills:
 - Level 3.0 Fighting
 + Level 4.5 Short Blades
 * Level 4.0 Dodging
 + Level 8.1 Stealth


You had 5 spell levels left.
You didn't know any spells.
Your spell library contained the following spells:

 Spells                   Type           Power      Damage    Failure   Level
 Magic Dart               Conj           0%         1d3       22%         1
 Searing Ray              Conj           0%         2d4       32%         2
 Fulminant Prism          Conj/Alch      0%         3d5       91%         4


Dungeon Overview and Level Annotations

Branches:
Dungeon (5/15)
 Temple: D:4-7

Altars:
Gozag

Shops:
D:1 [   D:2 [   D:3 *


Innate Abilities, Weirdness & Mutations

You cannot wear most types of armour.
You are amphibious.
You can wear up to eight rings at the same time.
Your skin changes colour to match your surroundings (Stealth+).
Your rubbery body absorbs attacks. (AC +1, EV +1)
((You are camouflaged when in or above water. (Stealth+)))
You have tentacles for arms and can constrict up to eight enemies at once.


Message History

The gnoll is severely wounded.
Unknown command.
You hit the gnoll but do no damage. You grab the gnoll.
The gnoll is severely wounded.
You constrict the gnoll. The gnoll misses you.
The gnoll struggles to escape constriction.
Unknown command.
You strike the helpless gnoll from behind!
You puncture the gnoll!
You kill the gnoll!
The gnoll bouda barks out a call to the hunt!
The gnolls pick up the pace!
The gnoll misses you.
Your Dodging skill increases to level 4!
You hit the gnoll but do no damage. Your grab misses the gnoll.
Your squeeze misses the gnoll.
The orc is no longer distracted by gold.
The gnoll misses you. The kobold brigand closely misses you.
Unknown command.
You hit the kobold brigand. Your grab misses the kobold brigand.
The kobold brigand is lightly wounded.
The kobold brigand closely misses you. The gnoll barely misses you.
An orc comes into view. It is wielding a +0 club.
Unknown command.
The orc shouts!
You hit the kobold brigand. You grab the kobold brigand.
You squeeze the kobold brigand.
The kobold brigand is lightly wounded.
You constrict the kobold brigand.
Unknown command.
You hit the kobold brigand.
The kobold brigand is moderately wounded.
You flicker for a moment.
You constrict the kobold brigand.
The gnoll bouda is distracted by your dazzling golden aura.
The gnoll hits you with a +0 spear.
* * * LOW HITPOINT WARNING * * *
The kobold brigand hits you with a +0 dagger.
You die...
Your body crumbles into a pile of gold.

......#....#...........#'###≈~P.
......'....'...........'.#
......#...)#...........#.#
########################.#
........+.#..)...#
.o......#$#..)...#
o..og...#!##'###.#
.....ggK#(#..).#.#
######@###....#.#
#..$$$...'..[.#'#
###############.o o.


You could see a kobold brigand (wandering, unable to see you), a gnoll bouda
(unaware, unable to see you), 2 gnolls and 3 orcs.

Vanquished Creatures
  Jessica (D:2)
  An iguana (D:3)
  2 adders
  11 gnolls (D:3)
  4 dart slugs
  2 ribbon worms (D:2)
  8 orcs (D:3)
  7 ball pythons
  An endoplasm (D:4)
  2 giant cockroaches (D:2)
  2 hobgoblins
  6 jackals
  A quokka (D:4)
  6 bats
  7 frilled lizards
  3 goblins
  7 kobolds
  3 rats
74 creatures vanquished.

Notes
Turn   | Place    | Note
-------+----------+-------------------------------------------
     0 | D:5      | zenocrate the Octopode Delver began the quest for the Orb.
     0 | D:5      | Reached XP level 1. HP: 16/16 MP: 1/1
   115 | D:3      | Reached XP level 2. HP: 21/21 MP: 2/2
   147 | D:2      | Noticed Jessica
   153 | D:2      | Killed Jessica
   154 | D:2      | Reached skill level 7 in Stealth
   154 | D:2      | Reached XP level 3. HP: 7/26 MP: 3/3
   347 | D:2      | Reached XP level 4. HP: 31/31 MP: 4/4
   537 | D:1      | Found Wonamned's Armour Emporium.
   933 | D:1      | Found a faded altar of an unknown god.
  1154 | D:2      | Found Gugumi's Antique Armour Shop.
  1493 | D:2      | Reached XP level 5. HP: 36/36 MP: 5/5
  1619 | D:3      | Found Gozag's Platinum Reserve.
  1633 | D:3      | Found an opulent altar of Gozag.
  1645 | D:3      | Became a worshipper of Gozag Ym Sagoz the Greedy
  2103 | D:3      | Reached XP level 6. HP: 42/42 MP: 6/6
  2163 | D:3      | HP: 1/42 [gnoll/+0 spear (8)]
  2165 | D:3      | Reached skill level 8 in Stealth
  2189 | D:3      | Slain by a kobold brigand

Illustrated notes

Levels and vault maps discovered:
D:1:      dpeg_arrival_boxorama, layout_loops_ring, serial_shops, shop,
          hellmonk_ecumenical_altar_zigzags, grunt_decor_clamped, minivault_11
D:2:      layout_basic, serial_shops, shop_fountains, uniq_jessica
D:3:      lemuel_castle_with_subvaults [lemuel_castle_interior_carwin_1],
          layout_rooms, nicolae_gozag_zags_fifth_avenue, minmay_pentomino_pile
D:4:      corexii_shantytown, layout_basic, nicolae_overflow_crystal_walls,
          amcnicky_altar_gilded
D:5:      layout_loops_ring, nicolae_ru_sacrificial_ziggurat,
          minmay_temple_entry_overgrown, goddamned_bats, uniq_crazy_yiuf_cottage

Skill      XL: |  1  2  3  4  5  6 |
---------------+-------------------+-----
Stealth        | 7 8 |  8.1
Short Blades   | 3 4 |  4.5
Dodging        | 3 4 |  4.0
Fighting       | |  3.0

Action                     |  1- 3 |  4- 6 || total
---------------------------+-------+-------++-------
  Melee: Short sword       |    33 |   114 ||   147
         Constrict         |     6 |    28 ||    34
         Tentacles         |     6 |    24 ||    30
    Use: Scroll            |       |     3 ||     3
         Potion            |       |     1 ||     1
   Stab: Sleeping          |     9 |    24 ||    33
         Invisible         |       |     5 ||     5
 Armour: Skin              |    21 |    33 ||    54
  Dodge: Dodged            |    16 |    55 ||    71

Table legend: (Time is in decaauts)
 A = Elapsed time spent in this place.
 B = Non-inter-level travel time spent in this place.
 C = Inter-level travel time spent in this place.
 D = Time resting spent in this place.
 E = Time spent auto-exploring this place.
 F = Levels seen in this place.
 G = Mean time per level.
                   A        B        C        D        E       F      G
               +--------+--------+--------+--------+--------+-----+--------+
         Total |   2160 |   2131 |     29 |     83 |   1470 |   5 |  432.0 |
       Dungeon |   2160 |   2131 |     29 |     83 |   1470 |   5 |  432.0 |
               +--------+--------+--------+--------+--------+-----+--------+

Top non-repeatable levels by time:
     D:2: 766 daAuts
     D:1: 745 daAuts
     D:3: 587 daAuts
     D:4: 36 daAuts
     D:5: 24 daAuts
